 Dungeon Crawl Stone Soup version 0.32-a0-136-gc02482bde3 (webtiles) character file.

Game seed: 12834162094562532937

273 whatisthis the Magician (level 6, 0/40 HPs)
             Began as a Djinni Air Elementalist on Feb 10, 2024.
             Slain by a human zombie (2 damage)
             ... in an ossuary.
             The game lasted 00:10:30 (3117 turns).

whatisthis the Magician (Djinni Air Elementalist)   Turns: 3117, Time: 00:10:31

Health: 0/40       AC:  2    Str:  7    XL:     6   Next: 48%
Gold:   144        EV: 12    Int: 19    God:
                   SH:  5    Dex: 13

rFire   + + .        b - +0 dagger
rCold   x . .        (no shield)
rNeg    . . .        a - +0 robe
rPois   ∞            (no helmet)
rElec   .            (no cloak)
rCorr   .            (no gloves)
SInv    .            (boots unavailable)
Will    .....        l - amulet of reflection
Stlth   ++           (no ring)
HPRegen 0.26/turn    (no ring)
MPRegen 0.00/turn

%: reflection, infuse magic (-1 HP)
@: flying
A: sickness immunity, fire resistance 2, cold vulnerability 1, float, innate
caster, HP casting, extra vitality 1
a: no special abilities


You were in an ossuary.
You visited 1 branch of the dungeon, and saw 4 of its levels.
You also visited: Ossuary.

You collected 144 gold pieces.

Inventory:

Hand Weapons
 b - a +0 dagger (weapon)
Missiles
 o - 9 poisoned darts
 q - a javelin (quivered)
Armour
 a - a +0 robe (worn)
 c - a +2 ring mail of cold resistance
Jewellery
 l - an amulet of reflection (around neck)
Wands
 n - a wand of polymorph (7)
Scrolls
 h - 2 scrolls of identify {unknown}
 i - a scroll of revelation {unknown}
 m - a scroll of fear {unknown}
 r - a scroll of teleportation {unknown}
 s - a scroll of fog {unknown}
Potions
 d - a potion of curing {unknown}
 e - 4 potions of degeneration {unknown}
 f - a potion of magic {unknown}
 g - a potion of heal wounds {unknown}
 j - a potion of enlightenment {unknown}
 k - 2 potions of cancellation {unknown}
 p - 2 potions of lignification {unknown}


   Skills:
 - Level 2.1 Dodging
 - Level 1.5 Stealth
 + Level 5.7 Spellcasting
 + Level 5.7 Conjurations
 + Level 5.7 Hexes
 + Level 5.7 Summonings
 + Level 5.7 Necromancy
 + Level 5.7 Translocations
 + Level 5.7 Fire Magic
 + Level 5.7 Ice Magic
 + Level 5.7 Air Magic
 + Level 5.7 Earth Magic
 + Level 5.7 Alchemy


You knew the following spells:

 Your Spells              Type           Power      Damage    Failure   Level
a - Shock                 Conj/Air       100%       1d9       1%          1
b - Static Discharge      Conj/Air       54%        3-6/arc   1%          2
c - Swiftness             Air            27%        N/A       3%          3
d - Airstrike             Air            13%        2d(2-18)  11%         4
e - Sting                 Conj/Alch      100%       1d9       1%          1
f - Searing Ray           Conj           54%        2d6       1%          2
Your spell library was empty.

Dungeon Overview and Level Annotations

Branches:
Dungeon (4/15)            Ossuary (1/1)
 Temple: D:4-7

Altars:
Gozag
Ru
Xom
Zin

Shops:
D:4 :

Annotations:
D:2 Sigmund


Innate Abilities, Weirdness & Mutations

You are immune to sickness and miasma.
You are immune to poison.
Your flesh is very heat resistant. (rF++)
You are vulnerable to cold. (rC-)
You float through the air rather than walking.
You learn spells naturally, not from books.
Your magical power is your life essence.
You have superior vitality. (+4 MHP)


Message History

Confirm with . or Enter, or press ? or * to list all spells.
The human zombie is struck by an arc of lightning.
The human zombie is severely damaged.
You are struck by an arc of lightning.
The lightning grounds out.
The human zombie misses you.
Unknown command.
Aiming: Shock (safe; 1% risk of failure)
Press: ? - help, Q - select action, (/) - cycle Shift-Dir - straight line, f/p - human zombie
Aim: a human zombie (severely damaged, 81% to hit)
The zap misses the human zombie.
The zap hits the human zombie.
The human zombie is almost destroyed.
The human zombie hits you.
* * * LOW HITPOINT WARNING * * *
Unknown command.
Casting: Shock (safe; 1% risk of failure)
Confirm with . or Enter, or press ? or * to list all spells.
Aiming: Searing Ray (safe; 1% risk of failure)
Press: ? - help, Shift-Dir - straight line, f/p - human zombie
Aim: a human zombie (almost destroyed, 85% to hit)
The searing ray hits the human zombie.
The human zombie is almost destroyed. (Press . to maintain the ray.)
* * * LOW HITPOINT WARNING * * *
The human zombie hits you but does no damage.
The searing ray hits the human zombie.
The human zombie is almost destroyed.
* * * LOW HITPOINT WARNING * * *
The searing ray misses the human zombie.
* * * LOW HITPOINT WARNING * * *
The human zombie hits you.
* * * LOW HITPOINT WARNING * * *
Unknown command.
Okay, then.
Throw: 2 javelins
Press: ? - help, Q - select action, (/) - cycle Shift-Dir - straight line, f/p - human zombie
Aim: a human zombie (almost destroyed, 61% to hit)
You throw a javelin.
The javelin barely misses the human zombie.
The human zombie hits you.
You die...

######'''##
##........#
##.........#
##..........#
#...........#
#....⌠......#
#...⌠#⌠....##
#....⌠...###
#@......##
#Z.....##
#......#
#(....##
###...# #(''#
#...# ..(.#
......#


You could see a human zombie.

Vanquished Creatures
  A bombardier beetle (D:3)
  Natasha (D:2)
  An orc wizard (D:4)
  4 gnolls
  9 adders
  A dart slug (D:3)
  An orc (D:4)
  4 endoplasms
  2 giant cockroaches
  A gnoll zombie (Ossuary)
  6 hobgoblins
  6 quokkas
  11 ball pythons
  6 bats
  5 frilled lizards
  5 goblins
  3 goblin zombies (Ossuary)
  2 hobgoblin zombies (Ossuary)
  9 kobolds
  3 rats
81 creatures vanquished.

Notes
Turn   | Place    | Note
-------+----------+-------------------------------------------
     0 | D:1      | whatisthis the Djinni Air Elementalist began the quest for
                  | the Orb.
     0 | D:1      | whatisthis set off with the following spells memorised:
                  | Shock, Static Discharge, Swiftness, Airstrike.
     0 | D:1      | Reached XP level 1. HP: 15/15 MP: 0/0
    34 | D:1      | Reached XP level 2. HP: 14/21 MP: 0/0
   332 | D:1      | Reached XP level 3. HP: 23/25 MP: 0/0
   332 | D:1      | Learned a level 1 spell: Sting
   881 | D:2      | Noticed Sigmund
   909 | D:1      | Reached XP level 4. HP: 21/31 MP: 0/0
  1334 | D:2      | Reached XP level 5. HP: 27/35 MP: 0/0
  1334 | D:2      | Learned a level 2 spell: Searing Ray
  1426 | D:2      | Found a faded altar of an unknown god.
  1491 | D:2      | Noticed Natasha
  1508 | D:2      | Killed Natasha
  1731 | D:2      | Reached skill level 5 in Spellcasting
  1731 | D:2      | Reached skill level 5 in Conjurations
  1731 | D:2      | Reached skill level 5 in Hexes
  1731 | D:2      | Reached skill level 5 in Summonings
  1731 | D:2      | Reached skill level 5 in Necromancy
  1731 | D:2      | Reached skill level 5 in Translocations
  1731 | D:2      | Reached skill level 5 in Fire Magic
  1731 | D:2      | Reached skill level 5 in Ice Magic
  1731 | D:2      | Reached skill level 5 in Air Magic
  1731 | D:2      | Reached skill level 5 in Earth Magic
  1731 | D:2      | Reached skill level 5 in Alchemy
  1917 | D:3      | Found a glowing silver altar of Zin.
  1918 | D:3      | Found an opulent altar of Gozag.
  2113 | D:3      | Reached XP level 6. HP: 40/40 MP: 0/0
  2117 | D:3      | Found a shimmering altar of Xom.
  2632 | D:3      | Found a sacrificial altar of Ru.
  2953 | D:4      | Found Biomn's Book Emporium.
  3019 | D:4      | Found a sand-covered staircase.
  3024 | Ossuary  | Entered an ossuary
  3116 | Ossuary  | HP: 2/40 [human zombie (4)]
  3117 | Ossuary  | Slain by a human zombie

Illustrated notes

Levels and vault maps discovered:
D:1:      dpeg_arrival_pond, layout_loops_ring
D:2:      layout_loops_ring, hellmonk_ecumenical_altar_heavens_door,
          minmay_pentomino_z2, uniq_sigmund, uniq_natasha
D:3:      layout_loops_corners, mainiacjoe_overflow_alcove_4,
          nicolae_ru_the_path_less_chosen, grunt_temple_overflow_gold_and_silver
D:4:      layout_cave_pools, enter_ossuary_5, serial_shops, shop_statue,
          dreamdust_princess_bridge
Ossuary:  ossuary_hellmonk_silent_tomb

Skill      XL: |  1  2  3  4  5 |
---------------+----------------+-----
Spellcasting   | 4 5 |  5.7
Conjurations   | 4 5 |  5.7
Hexes          | 4 5 |  5.7
Summonings     | 4 5 |  5.7
Necromancy     | 4 5 |  5.7
Translocations | 4 5 |  5.7
Fire Magic     | 4 5 |  5.7
Ice Magic      | 4 5 |  5.7
Air Magic      | 4 5 |  5.7
Earth Magic    | 4 5 |  5.7
Alchemy        | 4 5 |  5.7
Dodging        | |  2.1
Stealth        | |  1.5

Action                     |  1- 3 |  4- 6 || total
---------------------------+-------+-------++-------
  Melee: Dagger            |       |     3 ||     3
  Throw: Dart              |       |     3 ||     3
         Javelin           |       |     1 ||     1
   Cast: Shock             |    57 |    80 ||   137
         Static Discharge  |     2 |    20 ||    22
         Sting             |       |    18 ||    18
         Searing Ray       |       |     2 ||     2
   Stab: Sleeping          |       |     2 ||     2
 Armour: Robe              |     9 |    35 ||    44
         Skin              |       |     4 ||     4
  Dodge: Dodged            |    16 |    12 ||    28
  Block: Other             |       |     1 ||     1

Table legend: (Time is in decaauts)
 A = Elapsed time spent in this place.
 B = Non-inter-level travel time spent in this place.
 C = Inter-level travel time spent in this place.
 D = Time resting spent in this place.
 E = Time spent auto-exploring this place.
 F = Levels seen in this place.
 G = Mean time per level.
                   A        B        C        D        E       F      G
               +--------+--------+--------+--------+--------+-----+--------+
         Total |   3119 |   2900 |    219 |    605 |   1145 |   5 |  623.8 |
       Dungeon |   3026 |   2807 |    219 |    576 |   1145 |   4 |  756.5 |
       Ossuary |     92 |     92 |      0 |     29 |      0 |   1 |   92.0 |
               +--------+--------+--------+--------+--------+-----+--------+

Top non-repeatable levels by time:
     D:3: 1105 daAuts
     D:1: 1093 daAuts
     D:2: 645 daAuts
     D:4: 182 daAuts
 Ossuary: 92 daAuts
